 Dungeon Crawl Stone Soup version 0.27-a0-103-g6cd7b45605 (webtiles) character file.

Game seed: 13440035236238836207

55535 Cancer the Bludgeoner (level 14, -2/195 HPs)
             Began as a Minotaur Berserker on Jan 21, 2021.
             Was a High Priest of Trog.
             Slain by a black mamba (8 damage)
             ... on level 6 of the Lair of Beasts on Jan 22, 2021.
             The game lasted 01:03:15 (21989 turns).

Cancer the Bludgeoner (Minotaur Berserker)         Turns: 21989, Time: 01:03:15

Health: -2/195     AC: 23    Str: 26    XL:     14   Next: 38%
Magic:  13/13      EV:  9    Int:  4    God:    Trog [*****.]
Gold:   1298       SH:  5    Dex: 11    Spells: 13/13 levels left

rFire    + . .     SeeInvis +   S - +7 great mace of Disembowelment {vorpal, rPois Will+}
rCold    + . .     Faith    .   (shield currently unavailable)
rNeg     . . .     Spirit   .   M - +0 plate armour
rPois    +         Reflect  +   R - +2 hat
rElec    .         Harm     .   X - +0 cloak of Utuskem {rC+ Will+}
rCorr    .         Rampage  .   V - +0 pair of gloves
Will     +++..                  U - +1 pair of boots {Stlth+}
Stlth    ..........             C - amulet of reflection
HPRegen  0.42/turn              O - ring of see invisible
MPRegen  0.13/turn              m - ring of protection from fire

@: berserking, lethally poisoned (-2 -> -6), marked, very quick
A: retaliatory headbutt, horns 2
a: Renounce Religion, Berserk, Trog's Hand, Brothers in Arms


You were on level 6 of the Lair of Beasts.
You worshipped Trog.
Trog was extremely pleased with you.
You visited 3 branches of the dungeon, and saw 19 of its levels.

You collected 1298 gold pieces.

Inventory:

Hand Weapons
 y - a +2 vorpal flail
 S - the +7 great mace of Disembowelment (weapon) {vorpal, rPois Will+}
   (Trog gifted it to you on level 5 of the Lair of Beasts)

   It inflicts extra damage upon your enemies.
   It protects you from poison.
   It affects your willpower, your defense against some magical effects.
 T - the +9 spear "Imudeamned" {vorpal, Int+4}
   (You took it off a spriggan on level 5 of the Lair of Beasts)

   It inflicts extra damage upon your enemies.
   It affects your intelligence (+4).
Armour
 E - the +0 buckler "Vuvoxo" {Str+4}
   (You found it on level 3 of the Lair of Beasts)

   It affects your strength (+4).
 I - a scarf of invisibility
 M - a +0 plate armour (worn)
 R - a +2 hat (worn)
 U - a +1 pair of boots of stealth (worn)
 V - a +0 pair of gloves (worn)
 X - the +0 cloak of Utuskem (worn) {rC+ Will+}
   (You found it on level 2 of the Lair of Beasts)

   It protects you from cold.
   It affects your willpower, your defense against some magical effects.
Jewellery
 m - a ring of protection from fire (right hand)
 p - a +6 ring of intelligence
 C - an amulet of reflection (around neck)
 J - an uncursed ring of ice
 O - a ring of see invisible (left hand)
 Q - an uncursed ring of positive energy
Wands
 h - a wand of polymorph (4)
 l - a wand of flame (43)
 t - a wand of acid (5)
 z - a wand of digging (15)
 B - a wand of random effects (35)
 G - a wand of iceblast (4)
Scrolls
 d - 11 scrolls of remove curse
 e - 3 scrolls of fog {unknown}
 f - 3 scrolls of amnesia {unknown}
 i - 8 scrolls of magic mapping {unknown}
 j - 19 scrolls of identify {unknown}
 k - 7 scrolls of teleportation {unknown}
 n - 3 scrolls of random uselessness {unknown}
 r - 5 scrolls of enchant weapon {unknown}
 s - 4 scrolls of fear {unknown}
 w - 3 scrolls of immolation {unknown}
 x - a scroll of blinking {unknown}
 D - 2 scrolls of brand weapon {unknown}
 F - a scroll of summoning {unknown}
 K - a scroll of acquirement {unknown}
 Z - a scroll of enchant armour {unknown}
Potions
 a - 3 potions of resistance
 b - 3 potions of might
 c - 7 potions of curing {unknown}
 g - 4 potions of heal wounds
 o - a potion of brilliance {unknown}
 q - a potion of invisibility {unknown}
 u - 2 potions of attraction
 v - a potion of ambrosia {unknown}
 A - 3 potions of haste {unknown}
 H - 3 potions of flight
 L - 2 potions of magic {unknown}
 P - a potion of berserk rage {unknown}
 W - 3 potions of lignification {unknown}
 Y - 3 potions of mutation {unknown}
Miscellaneous
 N - a box of beasts


   Skills:
 + Level 13.8 Fighting
 * Level 18.2 Maces & Flails
 + Level 13.5 Armour
 - Level 3.2 Dodging
 + Level 13.1 Shields


You had 13 spell levels left.
You didn't know any spells.
Your spell library was empty.

Dungeon Overview and Level Annotations

Branches:
Dungeon (12/15)            Temple (1/1) D:6            Lair (6/6) D:11
  Swamp (0/4) Lair:3        Snake (0/4) Lair:4        Slime (0/5) Lair:5
    Orc (0/2) D:9

Altars:
Ashenzari
Cheibriados
Dithmenos
Elyvilon
Fedhas
Gozag
Hepliaklqana
Kikubaaqudgha
Makhleb
Nemelex Xobeh
Okawaru
Qazlal
Ru
Sif Muna
Trog
Uskayaw
Vehumet
Wu Jian
Xom
Yredelemnul
Zin
The Shining One
Jiyva

Shops:
D:4 (   D:9 !   D:10 ?

Portals:
Trove: D:12 (give +4 demon whip)

Annotations:
Lair:5 1 runed translucent door


Innate Abilities, Weirdness & Mutations

You reflexively headbutt those who attack you in melee.
You have a pair of horns on your head.


Message History

The black mamba bites you but does no damage.
A wyvern comes into view.
The yak gores something!
The wolf bites the plant.
The plant begins to die.
A black mamba comes into view.
The hell hound bites the plant.
The plant begins to die.
You closely miss the black mamba.
The black mamba is moderately wounded.
The wolf bites you but does no damage. The wyvern bites you!
* * * LOW HITPOINT WARNING * * *
The black mamba bites you but does no damage.
The water moccasin bites you but does no damage.
You block the warg's attack.
The water moccasin bites you but does no damage.
The water moccasin barely misses you. You furiously retaliate!
You headbutt the water moccasin!
A black bear comes into view.
You miss the black mamba.
The black mamba is moderately wounded.
You feel sick. The wolf barely misses you. The black mamba bites you!
You die...

.......####...#
.........P#...h..
..........P#..h.
...........h#..
.........P.h.#
.......hh.h..##
....YY.Yhhh..P##
.....YSShh.P..P###
.S.FDYS@hhh......#####
....YYlSSlS..........#
...[##FYSYy..........##
... #....P.Y..........#
. #....##l..........##
#....###P............
#...##..PYYS........†
...# .....l.........÷
.# ....PP..........†


You could see a five-headed hydra, a polar bear, 3 black mambas, 9 yaks, 2 cane
toads, a hornet, a warg, 6 water moccasins, 5 hell hounds, 4 black bears, 4
wyverns, 3 wolves and 3 dream sheep.

Vanquished Creatures
  The ghost of Xeduwoy the Archer, a journeyman CeAM of Okawaru (Lair:5)
  2 boulder beetles (Lair:4)
  A catoblepas (Lair:6)
  3 hydras
  15 death yaks
  A queen ant (D:11)
  An ogre mage (D:10)
  4 two-headed ogres
  An unseen horror (D:11)
  2 lindwurms
  An orc knight (D:10)
  A deep elf archer (D:10)
  An ugly thing (D:11)
  A cyclops (D:11)
  A moth of wrath (Lair:5)
  4 elephants (Lair:2)
  A shining eye (shapeshifter) (D:10)
  An ice statue (Lair:3)
  2 black mambas
  6 cane toads
  Psyche (D:10)
  Maggie (D:6)
  2 rime drakes
  6 komodo dragons
  An ice devil (Lair:3)
  A troll (D:10)
  8 polar bears
  3 hornets
  7 dream sheep (Lair:6)
  3 slime creatures
  9 blink frogs
  6 spriggans (Lair:5)
  5 wyverns
  43 yaks
  A vampire (D:9)
  2 vampire mosquitoes (D:12)
  4 basilisks
  7 soldier ants (D:11)
  An acid dragon (D:10)
  3 nagas (Lair:4)
  A hell hound (Lair:6)
  16 water moccasins
  A swamp drake (Lair:3)
  A black bear (D:9)
  4 ogres
  An orc warrior (D:8)
  2 phantoms (D:8)
  A necrophage (D:7)
  9 sky beasts
  9 ice beasts
  15 wolves
  10 centaurs
  3 big kobolds (D:6)
  14 bullfrogs
  3 scorpions
  12 killer bees
  An electric eel (Lair:3)
  A wight (D:10)
  2 centaur zombies
  4 jellies
  2 quasits
  5 hounds
  7 orc wizards
  3 orc priests
  A bullfrog zombie (D:5)
  4 centaur skeletons
  7 iguanas
  21 worker ants
  2 hell rats (D:11)
  A hound zombie (D:6)
  2 hound skeletons (D:11)
  A worker ant zombie (D:11)
  12 gnolls
  A river rat (D:11)
  9 adders
  2 shadow imps
  3 white imps
  2 oozes
  An adder skeleton (D:9)
  4 worms
  A dart slug (D:1)
  6 leopard geckos
  32 orcs
  4 giant cockroaches
  10 goblins
  8 hobgoblins
  4 jackals
  26 kobolds
  3 quokkas
  7 bats
  6 frilled lizards
  8 rats
479 creatures vanquished.

Vanquished Creatures (others)
  Nessos (Lair:4)
  40 fungi
  96 plants
137 creatures vanquished.

Grand Total: 616 creatures vanquished

Notes
Turn   | Place    | Note
-------+----------+-------------------------------------------
     0 | D:1      | Cancer the Minotaur Berserker began the quest for the Orb.
     0 | D:1      | Reached XP level 1. HP: 19/19 MP: 0/0
   277 | D:1      | Reached XP level 2. HP: 27/27 MP: 1/1
   278 | D:1      | Reached skill level 4 in Maces & Flails
   795 | D:1      | Reached XP level 3. HP: 33/33 MP: 2/2
   824 | D:1      | Reached ** piety under Trog
  1824 | D:2      | Reached XP level 4. HP: 38/40 MP: 3/3
  2110 | D:2      | Reached skill level 5 in Maces & Flails
  2318 | D:3      | Reached *** piety under Trog
  2343 | D:3      | Reached XP level 5. HP: 18/47 MP: 4/4
  2723 | D:3      | Found a bloodstained altar of Trog.
  3287 | D:4      | Found an ancient bone altar of Kikubaaqudgha.
  3567 | D:4      | Found Cogici's Weapon Shoppe.
  3644 | D:4      | Noticed a sky beast
  3652 | D:4      | Killed a sky beast
  3653 | D:4      | Reached skill level 5 in Fighting
  3653 | D:4      | Reached skill level 1 in Shields
  3653 | D:4      | Reached XP level 6. HP: 49/56 MP: 5/5
  3659 | D:4      | Reached skill level 6 in Maces & Flails
  3807 | D:4      | Found a snail-covered altar of Cheibriados.
  4153 | D:5      | Entered Level 5 of the Dungeon
  4192 | D:5      | Reached XP level 7. HP: 24/61 MP: 6/6
  4507 | D:5      | Reached skill level 7 in Maces & Flails
  4507 | D:5      | Reached skill level 5 in Armour
  4677 | D:5      | Found a sparkling altar of Nemelex Xobeh.
  5006 | D:6      | Reached **** piety under Trog
  5009 | D:6      | Reached XP level 8. HP: 68/70 MP: 7/7
  5041 | D:6      | Found a staircase to the Ecumenical Temple.
  5050 | Temple   | Entered the Ecumenical Temple
  5233 | D:6      | Reached skill level 8 in Maces & Flails
  5311 | D:6      | Noticed Maggie
  5324 | D:6      | Killed Maggie
  5672 | D:6      | Reached skill level 9 in Maces & Flails
  5702 | D:6      | HP: 3/71 [poisoned by a kobold]
  5707 | D:6      | HP: 2/71 [poisoned by a kobold]
  5712 | D:6      | HP: 1/71 [poisoned by a kobold]
  6077 | D:6      | Found an iron altar of Okawaru.
  6088 | D:6      | Reached skill level 5 in Shields
  6366 | D:6      | You fall into a shaft and drop 3 floors!
  6493 | D:7      | Reached XP level 9. HP: 79/79 MP: 8/8
  6577 | D:6      | Found a shimmering blue altar of Sif Muna.
  6577 | D:6      | Found a sacrificial altar of Ru.
  6982 | D:7      | Found a glowing golden altar of the Shining One.
  7150 | D:7      | Reached skill level 10 in Maces & Flails
  7621 | D:8      | Reached ***** piety under Trog
  7948 | D:8      | Reached skill level 11 in Maces & Flails
  8398 | D:8      | Noticed a two-headed ogre
  8532 | D:8      | Killed a two-headed ogre
  8533 | D:8      | Reached XP level 10. HP: 90/90 MP: 9/9
  9156 | D:9      | Found a staircase to the Orcish Mines.
  9242 | D:9      | Reached skill level 12 in Maces & Flails
  9294 | D:9      | Received a gift from Trog
  9418 | D:9      | Found a shimmering altar of Xom.
  9418 | D:9      | Found an ornate altar of the Wu Jian Council.
  9419 | D:9      | Found an opulent altar of Gozag.
  9477 | D:9      | Found Modutt's Distillery.
  9750 | D:10     | Entered Level 10 of the Dungeon
 10071 | D:10     | Noticed an ogre mage
 10077 | D:10     | Killed an ogre mage
 10080 | D:10     | Noticed an orc knight
 10095 | D:10     | Killed an orc knight
 10272 | D:10     | Noticed a salamander
 10276 | D:10     | a salamander changed into a floating eye
 10277 | D:10     | Noticed a salamander
 10277 | D:10     | a floating eye changed into a salamander
 10280 | D:10     | Noticed a guardian serpent
 10280 | D:10     | a salamander changed into a guardian serpent
 10281 | D:10     | Noticed a moth of wrath
 10281 | D:10     | a guardian serpent changed into a moth of wrath
 10286 | D:10     | Noticed a shining eye
 10286 | D:10     | a moth of wrath changed into a shining eye
 10288 | D:10     | Killed a shining eye
 10291 | D:10     | Noticed a two-headed ogre
 10304 | D:10     | Noticed a deep elf archer
 10311 | D:10     | Killed a deep elf archer
 10312 | D:10     | Reached XP level 11. HP: 99/99 MP: 10/10
 10322 | D:10     | Killed a two-headed ogre
 10323 | D:10     | Reached skill level 10 in Fighting
 10323 | D:10     | Reached skill level 13 in Maces & Flails
 10514 | D:10     | Noticed a two-headed ogre
 10521 | D:10     | Killed a two-headed ogre
 10849 | D:10     | Found Ysevo's Magic Scroll Boutique.
 11424 | D:10     | Noticed Psyche
 11431 | D:10     | Killed Psyche
 11646 | D:11     | Noticed a four-headed hydra
 11647 | D:11     | Noticed an unseen horror
 11658 | D:11     | Killed a four-headed hydra
 11659 | D:11     | Reached skill level 10 in Armour
 11686 | D:11     | Killed an unseen horror
 11826 | D:11     | Noticed a queen ant
 11844 | D:11     | Killed a queen ant
 11845 | D:11     | Reached skill level 14 in Maces & Flails
 11918 | D:11     | Noticed a red ugly thing
 11948 | D:11     | Killed a red ugly thing
 12231 | D:11     | Noticed a two-headed ogre
 12237 | D:11     | Killed a two-headed ogre
 12238 | D:11     | Reached skill level 10 in Shields
 12251 | D:11     | Noticed a death yak
 12277 | D:11     | Killed a death yak
 12280 | D:11     | Noticed a death yak
 12280 | D:11     | Noticed a death yak
 12285 | D:11     | Reached XP level 12. HP: 85/110 MP: 11/11
 12292 | D:11     | Killed a death yak
 12299 | D:11     | Killed a death yak
 12538 | D:11     | Found a staircase to the Lair.
 12585 | D:11     | Received a gift from Trog
 13159 | D:12     | Reached skill level 15 in Maces & Flails
 13559 | D:12     | Found a portal to a secret trove of treasure.
 13559 | D:12     | Noticed a death knight
 13599 | Lair:1   | Entered Level 1 of the Lair of Beasts
 13702 | Lair:1   | Noticed a four-headed hydra
 13710 | Lair:1   | Killed a four-headed hydra
 14474 | Lair:2   | Got a buzzing cloak
 14483 | Lair:2   | Identified the +0 cloak of Utuskem {rC+ Will+} (You found
                  | it on level 2 of the Lair of Beasts)
 15174 | Lair:2   | Reached skill level 16 in Maces & Flails
 15776 | Lair:3   | Noticed a six-headed hydra
 15782 | Lair:3   | Killed a six-headed hydra
 15783 | Lair:3   | Reached XP level 13. HP: 106/118 MP: 12/12
 16221 | Lair:3   | Received a gift from Trog
 16622 | Lair:3   | Found a staircase to the Swamp.
 16914 | Lair:3   | Got a pitted buckler
 17599 | Lair:4   | Found a staircase to the Snake Pit.
 17701 | Lair:4   | Noticed Nessos
 17717 | Lair:4   | Killed Nessos
 18930 | Lair:4   | Identified the cursed +0 buckler "Vuvoxo" {Str+4} (You
                  | found it on level 3 of the Lair of Beasts)
 19249 | Lair:5   | Upgraded the game from 0.27-a0-101-g3cb999cee2 to
                  | 0.27-a0-103-g6cd7b45605
 19275 | Lair:5   | Reached skill level 17 in Maces & Flails
 19463 | Lair:5   | Found a runed translucent door.
 19463 | Lair:5   | Found a viscous altar of Jiyva.
 19465 | Lair:5   | Found a staircase to the Slime Pits.
 20526 | Lair:5   | Reached XP level 14. HP: 110/129 MP: 13/13
 21052 | Lair:5   | Identified the +9 spear "Taleti" {vorpal, *Corrode rC+
                  | Str+2}
 21052 | Lair:5   | Identified the +9 spear "Imudeamned" {vorpal, Int+4}
 21053 | Lair:5   | Noticed Xeduwoy's ghost (journeyman CeAM)
 21085 | Lair:5   | Found a transporter.
 21089 | Lair:5   | Found a transporter.
 21152 | Lair:5   | Found a bloodstained altar of Trog.
 21162 | Lair:5   | Received a gift from Trog
 21190 | Lair:5   | Killed Xeduwoy's ghost
 21201 | Lair:5   | Reached skill level 18 in Maces & Flails
 21253 | Lair:5   | Got a crystal great mace {god gift}
 21260 | Lair:5   | Identified the +7 great mace of Disembowelment {vorpal,
                  | rPois Will+} (Trog gifted it to you on level 5 of the Lair
                  | of Beasts)
 21556 | Lair:6   | Entered Level 6 of the Lair of Beasts
 21988 | Lair:6   | HP: 6/195 [wyvern (9)]
 21989 | Lair:6   | Slain by a black mamba

Illustrated notes

Levels and vault maps discovered:
D:1:      evilmike_arrival_plus, layout_loops_ring,
          chequers_serial_rivers_micro_c, chequers_serial_rivers_micro_a
D:2:      layout_rooms
D:3:      layout_basic, lightli_temple_of_fire
D:4:      layout_basic, kennysheep_mini, kiku_gazebo_garden_becter,
          serial_shops, shop_statue
D:5:      minmay_spotlight, layout_rooms, nemelex_altar_shiori
D:6:      cheibrodos_thug_alley, layout_basic, okawaru_ov_weapons_minmay,
          gammafunk_temple_overflow_elements, minmay_temple_entry_glass,
          corexii_item_surrounded_by_moat, kennysheep_generic_room_13,
          uniq_maggie
D:7:      layout_basic, tso_oasis_becter, serial_bayou_pond_b,
          minmay_misc_feat_roman
D:8:      hangedman_cross_stitches, layout_loops_ring,
          kennysheep_generic_room_15
D:9:      layout_roguey, chequers_temple_overflow_statue_of_worship,
          orc_0_dummy, serial_shops, nicolae_shop_window_shopping
D:10:     minmay_diamond_stairs, layout_stronghold, serial_shops,
          nicolae_shop_crystal, kennysheep_big_empty_room,
          minmay_misc_feat_pillars, minmay_evil_grid, uniq_psyche
D:11:     layout_cave_pools, dpeg_lair_monsters, minmay_misc_feat_room,
          minmay_another_anthill
D:12:     layout_roguey [special_room_bee], enter_trove_2, drop_trap
Temple:   jpeg_temple_clearing
Lair:1:   layout_loops_ring, minivault_27
Lair:2:   layout_long_grid
Lair:3:   layout_roguey, minmay_swamp_entry_reptiles, serial_bayou,
          serial_bayou_shore_a, serial_bayou_crossing, serial_bayou_pond_d,
          serial_bayou_lagoon_a, minivault_27, ice2_lemuel
Lair:4:   layout_regular_city, guppyfry_snake_entry_garden, grunt_megastairs_3,
          lemuel_fruit_tree, uniq_nessos
Lair:5:   beast_lair_carwin_large_4, layout_misc_corridors, slime_altar_2,
          gammafunk_ghost_wrathful_warriors
Lair:6:   hangedman_lair_tendril_chambers, layout_regular_city,
          hangedman_lair_caniforms_friends, enter_volcano_4,
          bobbens_ice_dragon_lair

Skill      XL: |  1  2  3  4  5  6  7  8  9 10 11 12 13 14 |
---------------+-------------------------------------------+-----
Maces & Flails | 4 5 6 7 9 11 12 14 16 17 18 | 18.2
Fighting       | 4 5 6 7 8 9 11 12 13 | 13.8
Armour         | 3 4 5 6 8 9 10 11 13 | 13.5
Dodging        | 3 |  3.2
Shields        | 1 2 3 5 7 8 10 11 12 13 | 13.1

Action                   |  1- 3 |  4- 6 |  7- 9 | 10-12 | 13-15 || total
-------------------------+-------+-------+-------+-------+-------++-------
Melee: Mace              |    91 |    54 |       |       |       ||   145
       Headbutt          |     9 |    22 |    49 |   126 |   126 ||   332
       Flail             |       |    59 |   305 |   400 |   276 ||  1040
       Great mace        |       |       |       |   169 |   208 ||   377
Invok: Berserk           |       |       |     2 |     6 |     5 ||    13
       Trog's Hand       |       |       |     1 |       |     1 ||     2
  Use: Scroll            |       |       |     1 |       |     2 ||     3
       Potion            |       |       |       |       |     6 ||     6
 Stab: Petrified         |       |       |       |       |     6 ||     6
Armor: Animal skin       |     8 |     7 |       |       |       ||    15
       Scale mail        |       |    27 |       |       |       ||    27
       Chain mail        |       |    10 |    56 |       |       ||    66
       Plate armour      |       |       |    34 |   243 |   251 ||   528
Dodge: Dodged            |    57 |    74 |    84 |   155 |   146 ||   516
Block: Buckler           |       |     9 |   123 |   173 |   105 ||   410
       Reflection        |       |       |    12 |    16 |     5 ||    33
       Other             |       |       |       |    38 |    75 ||   113

Table legend: (Time is in decaauts)
 A = Elapsed time spent in this place.
 B = Non-inter-level travel time spent in this place.
 C = Inter-level travel time spent in this place.
 D = Time resting spent in this place.
 E = Time spent auto-exploring this place.
 F = Levels seen in this place.
 G = Mean time per level.
                   A        B        C        D        E       F      G
               +--------+--------+--------+--------+--------+-----+--------+
         Total |  21963 |  20990 |    973 |   4726 |  12378 |  19 | 1155.9 |
       Dungeon |  13492 |  13071 |    421 |   2622 |   7986 |  12 | 1124.3 |
        Temple |    122 |    114 |      8 |      0 |    110 |   1 |  122.0 |
          Lair |   8348 |   7804 |    544 |   2103 |   4282 |   6 | 1391.3 |
               +--------+--------+--------+--------+--------+-----+--------+

Top non-repeatable levels by time:
  Lair:4: 2263 daAuts
  Lair:3: 2096 daAuts
  Lair:5: 1961 daAuts
    D:11: 1833 daAuts
    D:10: 1819 daAuts
     D:6: 1580 daAuts
     D:2: 1307 daAuts
     D:8: 1245 daAuts
     D:1: 1232 daAuts
  Lair:2: 1084 daAuts
     D:9: 1052 daAuts
     D:4: 1022 daAuts
  Lair:1: 850 daAuts
     D:7: 821 daAuts
     D:3: 775 daAuts
